 Adventure DCSS version bcrawl-1.23.1-30-gcf7fa35852 (webtiles) character file.

Game seed: 9611736945217652591

69533 diana the Carver (level 14, 0/103 HPs)
             Began as a Demonspawn Fighter on May 31, 2020.
             Was the Champion of Okawaru.
             Killed by divine providence
             ... invoked by an orc priest
              (14 damage)
             ... in the Orcish Mines.
             The game lasted 00:37:50 (21499 turns).

diana the Carver (Demonspawn Fighter)              Turns: 21499, Time: 00:37:51

Health: 0/103      AC: 35    Str: 36    XL:     14   Next: 90%
Magic:  21/21      EV: 21    Int: 10    God:    Okawaru [******]
Gold:   2032       SH: 28    Dex: 25    Spells: 13/13 levels left
                                        Lives:  0   Deaths: 2

rFire    + . .     SeeInvis .   S - +11 scimitar of Joryso {protect, Str+3}
rCold    + . .     Gourm    .   O - +2 medium shield
rNeg     . . .     Faith    .   I - +7 plate armour of Plog {-Cast rElec Str-3 Slay+5}
rPois    +         Spirit   .   (helmet unavailable)
rElec    +         Reflect  .   H - scarf {stasis}
rCorr    .         Harm     .   m - +2 pair of gloves {Str+3}
MR       +....     NoCast   +   G - +0 pair of boots of the Earth {+Inv rPois Dex+2 Stlth-}
Stlth    ..........             Y - amulet of magic regeneration
HPRegen  0.27/turn              Z - +5 ring of dexterity
MPRegen  0.42/turn              T - ring "Deenop" {rF+ rC+ Str+7}

@: mighty, agile, heroism, finesse
A: horns 3, iridescent scales 2, powered by pain 1, spiny 3
a: Heroism, Finesse, Renounce Religion, Evoke Invisibility


You were in the Orcish Mines.
You worshipped Okawaru.
Okawaru was exalted by your worship.
You were not hungry.

You visited 4 branches of the dungeon, and saw 20 of its levels.
You also visited: Bailey, Ice Cave and Volcano.

You collected 2998 gold pieces.
You spent 966 gold pieces at shops.

Inventory:

Hand Weapons
 f - a +0 scimitar of flaming
 S - the +11 scimitar of Joryso (weapon) {protect, Str+3}
   (Okawaru gifted it to you on level 4 of the Lair of Beasts)

   It grants its wielder temporary protection when it strikes (+7 to AC).
   It affects your strength (+3).
Missiles
 o - 85 javelins of penetration
 C - a throwing net (quivered) {!f}
Armour
 l - a +2 pair of boots of running
 m - a +2 pair of gloves of strength (worn)
 x - a +2 pair of gloves of archery
 G - the +0 pair of boots of the Earth (worn) {+Inv rPois Dex+2 Stlth-}
   (You found it in a bailey)

   It affects your dexterity (+2).
   It protects you from poison.
   It lets you turn invisible.
   It makes you less stealthy.
 H - a scarf of stasis (worn)
 I - the +7 plate armour of Plog (worn) {-Cast rElec Str-3 Slay+5}
   (You found it on level 1 of the Lair of Beasts)

   It affects your strength (-3).
   It affects your accuracy and damage with ranged weapons and melee attacks
   (+5).
   It insulates you from electricity.
   It prevents spellcasting.
 O - a +2 medium shield (worn)
Jewellery
 j - the ring "Oket" {+Blink +Fly rElec rF+ rC+ rN+}
   (You found it on level 1 of the Lair of Beasts)

   [ring of insulation]

   It protects you from fire.
   It protects you from cold.
   It insulates you from electricity.
   It protects you from negative energy.
   It lets you fly.
   It lets you blink.
 T - the ring "Deenop" (right hand) {rF+ rC+ Str+7}
   (You bought it in a shop on level 11 of the Dungeon)

   [ring of protection from cold]

   It affects your strength (+7).
   It protects you from fire.
   It protects you from cold.
 W - an uncursed ring of see invisible
 Y - an amulet of magic regeneration (around neck)
 Z - a +5 ring of dexterity (left hand)
Wands
 a - a wand of scattershot (3)
 c - a wand of acid (13)
 n - a wand of polymorph (4)
 B - a wand of clouds (5)
 D - a wand of paralysis (19)
 J - a wand of flame (18)
 R - a wand of digging (8)
Scrolls
 b - a scroll of acquirement
 d - 9 scrolls of teleportation
 g - 7 scrolls of enchant weapon
 k - 6 scrolls of amnesia
 s - 3 scrolls of enchant armour
 u - 3 scrolls of fear
 w - 10 scrolls of remove curse
 z - a scroll of blinking
 E - 3 scrolls of immolation
 P - 5 scrolls of fog
 Q - a scroll of summoning
Potions
 h - 3 potions of heal wounds
 q - 3 potions of cancellation
 r - 4 potions of lignification
 t - 6 potions of brilliance
 v - 2 potions of resistance
 A - 2 potions of haste
 F - 3 potions of flight
 K - a potion of invisibility {unknown}
 L - 3 potions of berserk rage
 N - 3 potions of might
 U - a potion of mutation
 V - 3 potions of curing {unknown}
 X - 3 potions of agility
Miscellaneous
 M - a phial of floods
Comestibles
 e - 53 rations {!d}
 i - 2 chunks of flesh


   Skills:
 + Level 7.3(12.3) Fighting
 + Level 14.9(19.9) Long Blades
 - Level 14.0(19.0) Armour
 + Level 5.8(10.8) Dodging
 - Level 8.8(13.8) Shields
 - Level 9.5 Invocations


You had 13 spell levels left.
You didn't know any spells.
Your spell library contained the following spells:

 Spells                   Type           Power        Failure   Level  Hunger
 Animate Skeleton         Necr           N/A          99%         1    ##.....
 Magic Dart               Conj           #...         99%         1    ##.....
 Pain                     Necr           #.....       99%         1    ##.....
 Sandblast                Erth           #.....       99%         1    ##.....
 Blink                    Tloc           N/A          100%        2    ###....
 Call Imp                 Summ           #.....       100%        2    ###....
 Passwall                 Tmut/Erth      #.......     100%        2    ###....
 Searing Ray              Conj           #.......     100%        2    ###....
 Conjure Flame            Conj/Fire      #.......     100%        3    ####...
 Iskenderun's Mystic Bla  Conj           #.......     100%        3    ####...
 Mephitic Cloud           Conj/Pois/Air  #.......     100%        3    ####...
 Regeneration             Chrm/Necr      #.........   100%        3    ####...
 Spider Form              Tmut/Pois      #..          100%        3    ####...
 Stone Arrow              Conj/Erth      #.....       100%        3    ####...
 Vampiric Draining        Necr           #.........   100%        3    ####...
 Animate Dead             Necr           N/A          100%        4    #####..
 Fulminant Prism          Conj/Hex       #.........   100%        4    #####..
 Petrify                  Tmut/Erth      #.......     100%        4    #####..
 Bolt of Draining         Conj/Necr      #.........   100%        5    ######.
 Irradiate                Conj/Tmut      #.........   100%        5    ######.
 Lee's Rapid Deconstruct  Erth           #.........   100%        5    ######.
 Silence                  Hex/Air        #.........   100%        5    ######.
 Summon Lightning Spire   Summ/Air       #.......     100%        5    ######.
 Conjure Ball Lightning   Conj/Air       #.........   100%        6    #######
 Deflect Missiles         Chrm/Air       #.........   100%        6    #######
 Tornado                  Air            #.........   100%        9    #######


Dungeon Overview and Level Annotations

Branches:
Dungeon (12/12)            Temple (1/1) D:7            Lair (6/6) D:7
 Shoals (0/3) Lair:2        Snake (0/3) Lair:2        Slime (0/5) Lair:6
    Orc (1/1) D:10            Elf (0/3) Orc          Vaults (0/3) D:11
 Depths: D:12

Altars:
Ashenzari
Cheibriados
Dithmenos
Elyvilon
Fedhas
Gozag
Hepliaklqana
Kikubaaqudgha
Lugonu
Makhleb
Nemelex Xobeh
Okawaru
Qazlal
Ru
Sif Muna
Trog
Uskayaw
Vehumet
Wu Jian
Xom
Yredelemnul
Zin
The Shining One
Jiyva

Shops:
D:5 (   D:11 =

Annotations:
Lair:2 exclusion: 3 oklob plants


Innate Abilities, Weirdness & Mutations

You have a pair of large horns on your head.
You are mostly covered in iridescent scales. (AC +4)
You sometimes gain a little power by taking damage.
You are completely covered in sharp spines.


Message History

You hear a shout!
The orc priest invokes the aid of Beogh against you.
Beogh smites you!
* * * LOW HITPOINT WARNING * * *
The orc priest invokes the aid of Beogh against you.
Beogh smites you!
* * * LOW HITPOINT WARNING * * *
You focus on the pain.
You feel mightier all of a sudden.
You feel much better.
You kill the orc priest!
Okawaru accepts your kill. The orc closely misses you.
Your stasis prevents you from teleporting.
The orc priest mumbles some strange prayers to Beogh against you.
Beogh smites you!
* * * LOW HITPOINT WARNING * * *
The orc priest calls down the wrath of Beogh upon you.
Beogh smites you!
You die...

...... ..# #..... ##.........
....>. ...####..#.###oo........
....#. .....#...#.##oo.##......
...... ................###.#...
...... ..........o#...## ##....
...... .......#h.#...## #.....
.#.... ...............## ##.#..
......# ...#.#.o.h......# #####
......... ...#^.@.#.....##
.................#......## ####
..#.#........#...)).#....# ##.#.
..................).....## #^...
...............#.#.##...#####..#.
..........#...##.#####.##......##
...........#..#...# ###.......#
)..............#.## ###...#..##
.^..............## ##..#......#


You could see 2 wargs, 2 orc priests and an orc.

Vanquished Creatures
  Gastronok (D:8)
  Jorgrun (D:11)
  Kirke (D:11)
  A red draconian (Volcano)
  Snorg (Lair:5)
  Josephine (D:10)
  Urug (Lair:1)
  A vault guard (D:11)
  3 ice dragons
  A great orb of eyes (D:8)
  Erolcha (D:9)
  4 hydras (Lair:6)
  A catoblepas (Lair:6)
  Psyche (D:8)
  Erica (D:8)
  2 centaur warriors
  2 two-headed ogres
  A death knight (D:11)
  6 death yaks (Lair:5)
  An orc high priest (Orc)
  Nergalle (D:11)
  An unseen horror (D:11)
  A lindwurm (Lair:6)
  A phantasmal warrior (D:11)
  A cyclops (D:11)
  A deep elf mage (D:8)
  An orc knight (Bailey)
  An orc sorcerer (Orc)
  2 ugly things
  2 manticores
  A merfolk siren (Lair:2)
  6 black mambas
  2 ice statues (IceCv)
  5 torpor snails (Lair:6)
  A centaur zombie (D:10)
  11 cane toads
  4 rime drakes
  3 komodo dragons
  8 centaur skeletons
  2 freezing wraiths (D:11)
  A yaktaur (Volcano)
  6 hornets (Lair:6)
  4 tyrant leeches (Lair:6)
  8 blink frogs
  10 dream sheep (Lair:6)
  A meliai zombie (D:10)
  10 hippogriffs
  A shadow (D:8)
  A wyvern (D:8)
  45 yaks
  8 wraiths
  6 fire bats (Volcano)
  Grum (D:8)
  2 hogs (D:11)
  2 hungry ghosts
  2 steam dragons
  A basilisk (Lair:3)
  A vampire mosquito (D:11)
  3 soldier ants (D:8)
  3 nagas (Lair:2)
  6 crocodiles
  A two-headed ogre zombie (D:10)
  3 wargs (Orc)
  A harpy simulacrum (D:12)
  An acid dragon (Lair:3)
  4 water moccasins
  11 orc warriors
  10 porcupines
  2 sky beasts
  2 black bears (D:8)
  6 phantoms
  6 wolves
  14 ice beasts (IceCv)
  5 ogres
  10 centaurs
  A big kobold (D:11)
  15 bullfrogs
  A troll zombie (D:10)
  A water moccasin skeleton (D:5)
  3 scorpions (D:5)
  5 killer bees (D:8)
  4 howler monkeys
  An electric eel (Lair:6)
  A bullfrog zombie (D:7)
  5 lava snakes (Volcano)
  A crimson imp (D:5)
  3 hounds
  Crazy Yiuf (D:7)
  A jelly (D:7)
  13 orc priests
  15 orc wizards
  2 bullfrog skeletons
  An iguana (D:5)
  4 worker ants (D:8)
  6 ogre zombies (D:10)
  A hound zombie (D:6)
  A hound skeleton (D:7)
  6 gnolls
  13 adders
  3 shadow imps
  12 white imps (D:11)
  An ooze (D:1)
  An adder skeleton (D:8)
  6 worms
  3 dart slugs (D:1)
  4 leopard geckos
  64 orcs
  7 bats
  A giant cockroach (D:1)
  3 goblins (D:1)
  7 hobgoblins
  3 jackals (D:7)
  14 kobolds
  7 quokkas
  2 ball pythons
  5 frilled lizards
  2 goblin skeletons (D:10)
  3 goblin zombies (D:10)
  4 hobgoblin skeletons (D:10)
  4 hobgoblin zombies (D:10)
  An orc skeleton (D:10)
  11 orc zombies (D:10)
  A quokka skeleton (D:3)
  7 rats
566 creatures vanquished.

Vanquished Creatures (others)
  A centaur (Volcano)
  An orc (D:7)
  7 fungi
  24 plants
33 creatures vanquished.

Grand Total: 599 creatures vanquished

Notes
Turn   | Place    | Note
-------+----------+-------------------------------------------
     0 | D:1      | diana the Demonspawn Fighter began the quest for the Orb.
     0 | D:1      | Reached XP level 1. HP: 18/18 MP: 1/1
     6 | D:1      | Noticed a rime drake
     6 | D:1      | Noticed a black bear
   323 | D:1      | Gained mutation: You have a pair of small horns on your
                  | head. [demonic ancestry]
   323 | D:1      | Reached XP level 2. HP: 17/24 MP: 2/2
   788 | D:1      | Gained mutation: You have a pair of horns on your head.
                  | [demonic ancestry]
   788 | D:1      | Reached XP level 3. HP: 29/29 MP: 3/3
  1567 | D:2      | Found a radiant altar of Vehumet.
  1638 | D:2      | Gained mutation: You are partially covered in iridescent
                  | scales. (AC +2) [demonic ancestry]
  1638 | D:2      | Reached XP level 4. HP: 35/35 MP: 4/4
  2185 | D:2      | Found a glowing silver altar of Zin.
  2415 | D:3      | Gained mutation: You sometimes gain a little power by
                  | taking damage. [demonic ancestry]
  2415 | D:3      | Reached XP level 5. HP: 25/41 MP: 5/5
  2749 | D:3      | Noticed a phantom
  2772 | D:3      | Killed a phantom
  2772 | D:3      | Reached skill level 5 in Shields
  2772 | D:3      | Gained mutation: You are partially covered in sharp spines.
                  | [demonic ancestry]
  2772 | D:3      | Reached XP level 6. HP: 42/47 MP: 6/6
  2821 | D:3      | Found a hide-covered altar of Uskayaw.
  2831 | D:3      | Found a bloodstained altar of Trog.
  3818 | D:4      | Found a shadowy altar of Dithmenos.
  3838 | D:4      | Gained mutation: You are mostly covered in sharp spines.
                  | [demonic ancestry]
  3838 | D:4      | Reached XP level 7. HP: 47/52 MP: 7/7
  4000 | D:4      | Found a shimmering blue altar of Sif Muna.
  4316 | D:5      | Entered Level 5 of the Dungeon
  4574 | D:5      | Found Ziqasic's Weapon Boutique.
  4799 | D:5      | Gained mutation: You have a pair of large horns on your
                  | head. [demonic ancestry]
  4799 | D:5      | Reached XP level 8. HP: 26/58 MP: 8/8
  5756 | D:6      | Reached skill level 5 in Armour
  5817 | D:6      | Noticed a purple ugly thing
  5832 | D:6      | Killed a purple ugly thing
  5832 | D:6      | Reached skill level 5 in Long Blades
  6332 | D:7      | Found a staircase to the Ecumenical Temple.
  6353 | Temple   | Entered the Ecumenical Temple
  6487 | Temple   | Became a worshipper of Warmaster Okawaru
  6626 | D:8      | Noticed a deep elf mage
  6651 | D:8      | Reached XP level 9. HP: 19/63 MP: 9/9
  6659 | D:8      | Killed from afar by a deep elf mage
  6660 | D:8      | Found a flagged portal.
  6660 | D:8      | Reached XP level 8. HP: -6/58 MP: 8/8
  6664 | Bailey   | Entered a bailey
  6697 | Bailey   | Reached * piety under Okawaru
  7567 | Bailey   | Got a pair of masterwork boots
  7578 | Bailey   | Identified the +0 pair of boots of the Earth {+Inv rPois
                  | Dex+2 Stlth-} (You found it in a bailey)
  7578 | Bailey   | Found a roughly hewn altar of Beogh.
  7578 | Bailey   | Noticed an orc knight
  7600 | Bailey   | Killed an orc knight
  7600 | Bailey   | Reached ** piety under Okawaru
  7600 | Bailey   | Reached XP level 9. HP: 47/63 MP: 9/9
  7980 | D:8      | Noticed Erica
  7993 | D:8      | Killed Erica
  8094 | D:7      | Reached *** piety under Okawaru
  8317 | D:7      | Found a staircase to the Lair.
  8647 | D:7      | Got a masterwork mace
  8653 | D:7      | Found a runed door.
  8657 | D:7      | Noticed Crazy Yiuf
  8661 | D:7      | Killed Crazy Yiuf
  8722 | D:8      | Killed a deep elf mage
  8870 | D:8      | Noticed Gastronok
  8888 | D:8      | Demolished by Gastronok
  8889 | D:8      | Reached XP level 8. HP: -17/58 MP: 8/8
  8907 | D:8      | Reached XP level 9. HP: 62/63 MP: 9/9
  8929 | D:8      | Reached **** piety under Okawaru
  9002 | D:8      | Killed Gastronok
  9002 | D:8      | Reached ***** piety under Okawaru
  9002 | D:8      | Reached ****** piety under Okawaru
  9002 | D:8      | Received a gift from Okawaru
  9002 | D:8      | Reached XP level 10. HP: 70/70 MP: 10/10
  9015 | D:8      | Reached skill level 10 in Armour
  9085 | D:8      | Reached skill level 10 in Long Blades
  9223 | D:8      | Noticed Psyche
  9232 | D:8      | Killed Psyche
  9450 | D:8      | Noticed a great orb of eyes
  9454 | D:8      | Paralysed by a great orb of eyes for 3 turns
  9463 | D:8      | Paralysed by a great orb of eyes for 3 turns
  9470 | D:8      | Killed a great orb of eyes
  9633 | D:8      | Noticed Grum
  9642 | D:8      | Killed Grum
  9642 | D:8      | Reached XP level 11. HP: 73/75 MP: 8/11
  9781 | D:9      | Noticed Erolcha
  9786 | D:9      | Killed Erolcha
  9786 | D:9      | Received a gift from Okawaru
  9804 | D:9      | Noticed a two-headed ogre
  9816 | D:9      | Killed a two-headed ogre
 10406 | D:10     | Entered Level 10 of the Dungeon
 10406 | D:10     | Noticed Josephine
 10456 | Lair:1   | Entered Level 1 of the Lair of Beasts
 10787 | Lair:1   | Noticed Urug
 10809 | Lair:1   | Killed Urug
 10809 | Lair:1   | Reached skill level 5 in Invocations
 10919 | Lair:1   | Received a gift from Okawaru
 11209 | Lair:1   | Got a serpentine steel ring
 11234 | Lair:1   | Got a crude plate armour
 12114 | Lair:2   | Identified the +7 plate armour of Plog {-Cast rElec Str-3
                  | Slay+5} (You found it on level 1 of the Lair of Beasts)
 12205 | Lair:2   | Gained mutation: You are completely covered in sharp
                  | spines. [demonic ancestry]
 12205 | Lair:2   | Reached XP level 12. HP: 79/81 MP: 17/17
 12291 | Lair:2   | Found a staircase to the Snake Pit.
 12971 | Lair:2   | Found a staircase to the Shoals.
 14387 | Lair:4   | Received a gift from Okawaru
 14390 | Lair:4   | Got a slimy scimitar {god gift}
 14392 | Lair:4   | Identified the +11 scimitar of Joryso {protect, Str+3}
                  | (Okawaru gifted it to you on level 4 of the Lair of Beasts)
 14502 | Lair:4   | Identified the ring "Oket" {+Blink +Fly rElec rF+ rC+ rN+}
                  | (You found it on level 1 of the Lair of Beasts)
 15151 | Lair:5   | Noticed a death yak
 15152 | Lair:5   | Noticed a death yak
 15154 | Lair:5   | Noticed a death yak
 15156 | Lair:5   | Noticed a death yak
 15156 | Lair:5   | Noticed a death yak
 15161 | Lair:5   | Killed a death yak
 15165 | Lair:5   | Killed a death yak
 15165 | Lair:5   | Noticed a death yak
 15169 | Lair:5   | Killed a death yak
 15173 | Lair:5   | Killed a death yak
 15177 | Lair:5   | Killed a death yak
 15183 | Lair:5   | Killed a death yak
 15184 | Lair:5   | Reached XP level 13. HP: 58/86 MP: 20/20
 15833 | Lair:5   | Identified a scroll of acquirement
 15869 | Lair:6   | Entered Level 6 of the Lair of Beasts
 15895 | Lair:6   | Found a dark tunnel.
 15905 | Volcano  | Entered a volcano
 16177 | Volcano  | Noticed a red draconian
 16201 | Volcano  | Killed a red draconian
 16201 | Volcano  | Received a gift from Okawaru
 16335 | Volcano  | Found a burning altar of Makhleb.
 16358 | Volcano  | Found a bloodstained altar of Trog.
 16453 | Lair:6   | Noticed Snorg
 16479 | Lair:5   | Killed Snorg
 16680 | Lair:6   | Received a gift from Okawaru
 16683 | Lair:6   | Got brightly glowing ice dragon scales {god gift}
 16705 | Lair:6   | Identified the +0 ice dragon scales of Tartarus {rF- rC++
                  | MR+ Dex+3} (Okawaru gifted it to you on level 6 of the Lair
                  | of Beasts)
 17083 | Lair:6   | Found a runed door.
 17482 | Lair:6   | Found a viscous altar of Jiyva.
 17482 | Lair:6   | Found a staircase to the Slime Pits.
 17487 | Lair:6   | Reached skill level 1 in Dodging
 17621 | Lair:6   | Gained mutation: You are mostly covered in iridescent
                  | scales. (AC +4) [demonic ancestry]
 17621 | Lair:6   | Reached XP level 14. HP: 28/93 MP: 21/21
 18411 | D:10     | Killed Josephine
 18435 | D:10     | Found a staircase to the Orcish Mines.
 18680 | D:10     | Received a gift from Okawaru
 18780 | D:10     | Reached skill level 5 in Fighting
 19247 | D:11     | Got a masterwork scale mail
 19280 | D:11     | Found Wigar's Jewellery Shop.
 19288 | D:11     | Bought the ring "Deenop" {rF+ rC+ Str+7} for 966 gold
                  | pieces
 19460 | D:11     | Found a frozen archway.
 19471 | D:11     | Noticed Kirke
 19486 | D:11     | Killed Kirke
 19506 | IceCv    | Entered an ice cave
 19558 | IceCv    | Identified the +3 scale mail of the Okapi {rN++ Str+4
                  | Dex-2} (You found it on level 11 of the Dungeon)
 20366 | D:11     | Found a gate to the Vaults.
 20370 | D:11     | Reached skill level 5 in Dodging
 20625 | D:11     | Noticed Jorgrun
 20635 | D:11     | Killed Jorgrun
 20635 | D:11     | Received a gift from Okawaru
 20659 | D:11     | Identified a +2 pair of boots of running (Okawaru gifted it
                  | to you on level 10 of the Dungeon)
 20964 | D:11     | Noticed Nergalle
 20975 | D:11     | Killed Nergalle
 21010 | D:12     | Entered Level 12 of the Dungeon
 21045 | Orc      | Entered the Orcish Mines
 21098 | Orc      | Found a staircase to the Elven Halls.
 21491 | Orc      | HP: 4/103 [orc priest/divine providence (11)]
 21499 | Orc      | Killed from afar by an orc priest

Skill      XL: |  1  2  3  4  5  6  7  8  9 10 11 12 13 14 |
---------------+-------------------------------------------+-----
Long Blades    | 2 3 4 6 9 10 11 12 14 | 14.9
Shields        | 3 4 5 6 8 |  8.8
Armour         | 3 4 6 9 10 11 12 14 | 14.0
Invocations    | 7 9 |  9.5
Dodging        | 1 5 |  5.8
Fighting       | 7 |  7.3

Action                   |  1- 3 |  4- 6 |  7- 9 | 10-12 | 13-15 || total
-------------------------+-------+-------+-------+-------+-------++-------
Melee: Long sword        |   137 |   169 |   209 |       |       ||   515
       Headbutt          |    20 |    42 |    70 |   105 |   231 ||   468
       Scimitar          |       |       |    99 |   389 |   654 ||  1142
 Fire: Arbalest          |       |       |    35 |       |       ||    35
Invok: Heroism           |       |       |     5 |     6 |     7 ||    18
       Finesse           |       |       |       |       |     7 ||     7
 Abil: Evoke Flight      |       |       |     1 |       |       ||     1
Evoke: Wand              |       |       |     6 |     4 |     3 ||    13
  Use: Potion            |       |     1 |     5 |       |     2 ||     8
       Scroll            |       |       |    10 |       |    16 ||    26
 Stab: Distracted        |       |     1 |       |       |     1 ||     2
  Eat: Chunk             |     2 |     7 |    14 |    18 |    19 ||    60
       Ration            |       |       |       |       |     1 ||     1
Armor: Scale mail        |    74 |       |       |       |       ||    74
       Chain mail        |    15 |    82 |    29 |       |       ||   126
       Plate armour      |       |       |   130 |   159 |   259 ||   548
       Skin              |       |       |       |     1 |       ||     1
Dodge: Dodged            |    22 |    21 |    53 |    47 |    90 ||   233
Block: Medium shield     |    83 |    95 |   219 |   271 |   577 ||  1245
